AoeStats
← 逆流

Nomad

509542111Analyzed
4v4 RM · 5d ago on Sep 27, 2026· 53m 27s· 8 players
Game mode
Random Map
Map size
231×231
Population
200
Speed
Normal
Resources
Standard
Victory
Conquest
Starting age
Dark Age
Ending age
Imperial Age
RankedLock teamsTeams togetherTeam positionsShared explorationLock speedFull tech treeHidden civsTurbo modeCheats
Victory
Defeat
🇨🇳 Berbers · China
1335
+15
🇨🇳 Mongols · China
1329
+15
🇨🇳 Persians · China
1312
+16
🇨🇳 Saracens · China
1300
+16
🇺🇸 Persians · United States
1388
-18
🇦🇺 Mongols · Australia
1346
-17
🇨🇳 Inca · China
1259
-14
🇨🇳 Japanese · China
1258
-13
将苟且的爸爸
14:43 Feudal Age
17:42 Loom
20:24 Castle Age
18:22 Double-Bit Axe
18:23 Fishing Lines
19:31 Bloodlines
19:48 Scale Barding Armor
19:54 Forging
21:33 Husbandry
21:36 Loom
22:06 Bow Saw
22:37 Chain Barding Armor
22:23 Town Watch
23:35 Gold Mining
25:26 Wheelbarrow
27:41 Iron Casting
28:46 Gillnets
32:56 Imperial Age
30:21 Stone Mining
30:50 Horse Collar
32:12 Kasbah
33:12 Heavy Plow
34:11 Heavy Camel Rider
37:23 Conscription
37:25 Elite Camel Archer
38:40 Fletching
38:51 Padded Archer Armor
40:33 Gold Shaft Mining
41:34 Bodkin Arrow
44:11 Chemistry
43:33 Ballistics
44:14 Chemistry
43:28 Thumb Ring
44:26 Masonry
44:52 Maghrebi Camels
46:05 Siege Engineers
50:56 Coinage
50:26 Caravan
50:48 Bracer
51:03 Leather Archer Armor
53:05 Banking
你好骚啊
13:43 Feudal Age
14:49 Double-Bit Axe
17:47 Castle Age
15:39 Horse Collar
15:53 Gold Mining
16:53 Stone Mining
16:55 Fletching
18:26 Bodkin Arrow
19:36 Padded Archer Armor
20:23 Loom
21:25 Wheelbarrow
23:02 Ballistics
24:57 Leather Archer Armor
27:50 Hand Cart
28:25 Heavy Plow
33:56 Imperial Age
33:06 Bloodlines
32:57 Husbandry
33:06 Thumb Ring
34:24 Gold Shaft Mining
34:25 Stone Shaft Mining
34:44 Bracer
35:07 Conscription
35:47 Parthian Tactics
37:12 Chemistry
37:53 Hoardings
36:47 Elite Mangudai
38:05 Bow Saw
38:16 Capped Ram
39:44 Masonry
40:04 Drill
39:56 Siege Ram
41:05 Siege Engineers
43:25 Scale Barding Armor
43:30 Forging
42:53 Onager
43:59 Onager
46:18 Siege Onager
52:23 Chain Barding Armor
52:38 Iron Casting
52:04 Scale Mail Armor
52:02 Murder Holes
欢米坨
3:56 Loom
15:07 Feudal Age
15:44 Double-Bit Axe
17:15 Padded Archer Armor
17:10 Fletching
18:23 Wheelbarrow
23:25 Gold Mining
25:22 Horse Collar
33:20 Castle Age
35:02 Medium Warships
40:53 Leather Archer Armor
42:17 Ballistics
42:08 Bodkin Arrow
52:01 Hand Cart
52:32 Stone Mining
55:23 Imperial Age
一一
7:00 Loom
13:56 Feudal Age
19:21 Castle Age
17:08 Town Watch
18:32 Double-Bit Axe
19:02 Fletching
19:07 Horse Collar
22:02 Wheelbarrow
22:26 Bow Saw
25:30 Heavy Plow
28:05 Stone Mining
28:23 Gold Mining
31:06 Gold Shaft Mining
31:31 Stone Shaft Mining
31:23 Hand Cart
35:36 Imperial Age
33:20 Bodkin Arrow
33:31 Scale Barding Armor
33:38 Forging
33:59 Town Patrol
35:16 Husbandry
35:31 Bloodlines
35:35 Cavalier
36:51 Chain Barding Armor
37:07 Iron Casting
37:16 Guilds
38:22 Savar
42:25 Plate Barding Armor
44:03 Blast Furnace
43:31 Conscription
46:44 Hoardings
49:22 Crop Rotation
49:56 Two-Man Saw
逆流
14:20 Feudal Age
17:11 Double-Bit Axe
20:28 Castle Age
20:54 Fishing Lines
21:35 Horse Collar
22:08 Bow Saw
22:32 Medium Warships
23:16 Squires
23:17 Gold Mining
23:24 Stone Mining
26:57 Wheelbarrow
27:34 Fletching
28:19 Bodkin Arrow
30:35 Padded Archer Armor
32:42 Scale Mail Armor
35:07 Horse Collar
36:18 Forging
36:23 Chain Mail Armor
37:13 Heavy Plow
37:51 Gold Shaft Mining
37:51 Stone Shaft Mining
38:20 Iron Casting
41:55 Imperial Age
41:57 Hand Cart
41:22 Elite Skirmisher
42:07 Thumb Ring
42:22 Leather Archer Armor
43:51 Conscription
45:46 Bracer
46:16 Ring Archer Armor
46:08 Andean Sling
47:10 Loom
47:11 Town Watch
48:15 Fabric Shields
52:40 Ballistics
53:21 Chemistry
duck
4:19 Loom
16:17 Feudal Age
17:05 Gold Mining
17:05 Double-Bit Axe
18:45 Horse Collar
19:03 Fishing Lines
24:31 Castle Age
23:24 Fletching
23:30 Stone Mining
26:32 Bow Saw
27:33 Wheelbarrow
27:21 Bodkin Arrow
28:24 Padded Archer Armor
29:48 Leather Archer Armor
29:36 Gillnets
30:58 Bloodlines
30:55 Husbandry
31:54 Ballistics
32:58 Hand Cart
36:33 Imperial Age
34:24 Scale Mail Armor
35:17 Gold Shaft Mining
36:32 Chain Mail Armor
36:02 Treadmill Crane
36:32 Masonry
37:33 Conscription
38:03 Kataparuto
37:44 Bracer
38:53 Chemistry
39:35 Hoardings
40:55 Parthian Tactics
40:06 Heavy Cavalry Archer
42:44 Thumb Ring
43:37 Ring Archer Armor
42:33 Elite Skirmisher
43:55 Plate Mail Armor
Showergod
12:33 Feudal Age
18:01 Castle Age
16:06 Double-Bit Axe
16:15 Loom
17:26 Gold Mining
21:11 Bow Saw
21:50 Wheelbarrow
21:26 Fishing Lines
21:55 Scale Barding Armor
22:56 Bloodlines
24:38 Forging
25:00 Hand Cart
24:46 Horse Collar
26:48 Fletching
27:59 Ballistics
29:45 Bodkin Arrow
30:18 Padded Archer Armor
32:12 Elite Skirmisher
33:07 Heavy Plow
34:03 Leather Archer Armor
43:23 Imperial Age
42:48 Crossbowman
45:08 Two-Man Saw
48:38 Kamandaran
49:00 Conscription
48:47 Thumb Ring
49:22 Crop Rotation
49:56 Devotion
51:21 Ring Archer Armor
53:14 Chemistry
52:41 Elite War Elephant
Tawny
3:33 Loom
6:11 Loom
16:29 Feudal Age
18:00 Double-Bit Axe
18:55 Horse Collar
20:08 Wheelbarrow
22:03 Castle Age
21:12 Stone Mining
21:14 Gold Mining
23:46 Hand Cart
23:43 Bow Saw
29:33 Fletching
30:42 Ballistics
32:15 Bodkin Arrow
34:25 Bloodlines
34:16 Husbandry
34:18 Heavy Plow
35:07 Padded Archer Armor
34:44 Light Cavalry
36:15 Leather Archer Armor
36:07 Thumb Ring
36:51 Nomads
39:21 Imperial Age
36:39 Town Watch
37:28 Fortified Wall
38:00 Stone Shaft Mining
38:04 Gold Shaft Mining
38:19 Murder Holes
38:34 Masonry
38:36 Forging
38:33 Scale Barding Armor
39:24 Elite Mangudai
41:24 Conscription
40:57 Hussar
41:42 Bracer
42:17 Iron Casting
42:03 Chain Barding Armor
42:45 Chemistry
42:16 Parthian Tactics
42:51 Hoardings
44:38 Blast Furnace
46:59 Siege Engineers
49:48 Caravan
50:31 Capped Ram
Connection lost

Rejoining the realm…

Still unreachable

The connection could not be restored.

Session expired

The server has moved on; the page needs a fresh start.